 Dungeon Crawl Stone Soup version 0.25.1-2-g60ff931df9 (webtiles) character file.

Game seed: 9582961095420431050

2273 DearestLeader the Skirmisher (level 9, -10/69 HPs)
             Began as a Demonspawn Gladiator on Oct 6, 2020.
             Was a Follower of Qazlal.
             Mangled by a two-headed ogre
             ... wielding a +0 giant club
              (16 damage)
             ... on level 5 of the Dungeon.
             The game lasted 00:14:14 (7627 turns).

DearestLeader the Skirmisher (Demonspawn Gladiator) Turns: 7627, Time: 00:14:14

Health: -10/69     AC: 10    Str: 17    XL:     9   Next: 16%
Magic:  0/9        EV: 19    Int: 10    God:    Qazlal [*.....]
Gold:   434        SH:  2    Dex: 15    Spells: 8/8 levels left

rFire    . . .     SeeInvis .   u - +1 whip (flame)
rCold    . . .     Gourm    .   (no shield)
rNeg     . . .     Faith    .   o - +0 swamp dragon scales
rPois    +         Spirit   +   (helmet unavailable)
rElec    .         Reflect  .   (no cloak)
rCorr    .         Harm     .   (no gloves)
MR       .....                  (no boots)
Stlth    +.........             (no amulet)
HPRegen  0.21/turn              (no ring)
MPRegen  0.22/turn              (no ring)

@: agile
A: horns 3, thin metallic scales 1, powered by pain 1, magic shield, magic
regeneration
a: Renounce Religion


You were on level 5 of the Dungeon.
You worshipped Qazlal.
Qazlal was aware of your devotion.
You were not hungry.

You visited 1 branch of the dungeon, and saw 7 of its levels.
You also visited: Ossuary.

You collected 524 gold pieces.
You spent 90 gold pieces at shops.

Inventory:

Hand Weapons
 m - a +0 war axe
 u - a +1 whip of flaming (weapon)
Missiles
 d - 2 throwing nets (quivered)
Armour
 j - a +0 plate armour
 o - +0 swamp dragon scales (worn)
Wands
 b - a wand of flame (18)
 t - a wand of paralysis (18)
 y - a wand of polymorph (6)
 C - a wand of disintegration (17)
Scrolls
 g - 5 scrolls of remove curse
 h - a scroll of immolation
 i - 4 scrolls of random uselessness
 n - 2 scrolls of teleportation
 p - a scroll of summoning {unknown}
 v - 2 scrolls of fear {unknown}
 w - 2 scrolls of enchant weapon {unknown}
 x - 3 scrolls of fog {unknown}
 D - a scroll of holy word {unknown}
 F - a scroll of blinking {unknown}
Potions
 c - a potion of haste
 e - 2 potions of cancellation {unknown}
 k - 2 potions of curing
 l - a potion of might
 q - a potion of lignification
 r - a potion of flight {unknown}
 s - 2 potions of berserk rage
 z - 3 potions of brilliance
 A - a potion of ambrosia {unknown}
 B - a potion of stabbing
Comestibles
 f - 15 rations


   Skills:
 - Level 6.0 Fighting
 * Level 5.8 Maces & Flails
   Level 3.2 Polearms
 - Level 1.7 Throwing
 + Level 5.2 Armour
 + Level 6.0 Dodging


You had 8 spell levels left.
You didn't know any spells.
Your spell library contained the following spells:

 Spells                   Type           Power        Failure   Level  Hunger
 Infusion                 Chrm           #...         54%         1    ##.....
 Summon Small Mammal      Summ           #...         54%         1    ##.....
 Call Imp                 Summ           #.......     69%         2    ###....
 Shroud of Golubria       Chrm/Tloc      #.....       69%         2    ###....
 Call Canine Familiar     Summ           #.......     89%         3    ####...
 Spectral Weapon          Hex/Chrm       #.......     89%         3    ####...
 Summon Guardian Golem    Hex/Summ       #.......     89%         3    ####...
 Summon Ice Beast         Ice/Summ       #.......     100%        4    #####..
 Summon Lightning Spire   Summ/Air       #.......     100%        4    #####..
 Yara's Violent Unravell  Hex/Tmut       #.........   100%        5    ######.


Dungeon Overview and Level Annotations

Branches:
Dungeon (7/15)             Temple (0/1) D:6         Ossuary (visited)

Altars:
Cheibriados
Dithmenos
Elyvilon
Gozag
Okawaru
Qazlal
Ru
Trog
Xom
Zin

Shops:
D:4 :   D:5 *

Annotations:
D:5 2 transporters, DildoBatman's ghost, amateur FoWz


Innate Abilities, Weirdness & Mutations

You have a pair of large horns on your head.
You are partially covered in thin metallic scales. (AC +2)
You sometimes gain a little power by taking damage.
When hurt, damage is shared between your health and your magic reserves.
You regenerate magic rapidly.


Message History

You catch the helpless two-headed ogre completely off-guard!
You hit the two-headed ogre but do no damage.
The two-headed ogre is severely wounded.
The two-headed ogre struggles against the net.
Your swamp dragon scales prevents you from hitting the two-headed ogre.
The two-headed ogre is severely wounded.
The two-headed ogre struggles against the net.
You hit the two-headed ogre. You burn the two-headed ogre.
The two-headed ogre is almost dead.
The two-headed ogre struggles against the net.
You catch the helpless two-headed ogre completely off-guard!
You hit the two-headed ogre. You burn the two-headed ogre.
The two-headed ogre is almost dead.
The two-headed ogre struggles against the net.
The net rips apart, and the two-headed ogre comes free!
You hit the two-headed ogre but do no damage.
The two-headed ogre is almost dead.
The two-headed ogre barely misses you.
The two-headed ogre hits you with a +0 giant spiked club!!
You die...

#..........####..# ###.##.......
###....##...#.#..####...........
#....####........##............
#....## #..##................##
#.....###.##.................#
##.....#.....................##
####..>...#..................#
###....#..........##.......
#....##..@O.....)#...#....
####....##.....#.(.#.........
#..............##..##.#......
#.......##.....##..........##
##.)...<##...####....#......#
##.....###..## #...###..#<##
##......###..# ##.## ######
#......## #..# ###
##.....####..#


You could see a two-headed ogre.

Vanquished Creatures
  Pikel (D:4)
  Maggie (D:6)
  A spriggan (D:7)
  Duvessa (D:6)
  A black bear (D:6)
  A phantom (D:7)
  An ice beast (D:6)
  2 sky beasts
  2 slaves (D:4)
  A bullfrog (D:5)
  Dowan (D:6)
  3 scorpions
  A crimson imp (D:6)
  2 hounds
  A gnoll shaman (D:6)
  An orc wizard (D:2)
  2 bullfrog skeletons
  2 worker ants
  8 mummies (Ossuary)
  A worker ant zombie (D:5)
  7 gnolls
  11 adders
  A shadow imp (D:4)
  An ooze (D:3)
  2 worm zombies (D:5)
  An adder zombie (D:7)
  3 worms
  A dart slug (D:1)
  4 leopard geckos
  An orc (D:3)
  3 ball pythons
  5 bats
  2 giant cockroaches (D:1)
  5 goblins
  3 hobgoblins
  3 jackals (D:3)
  4 kobolds
  2 quokkas
  3 frilled lizards
  2 hobgoblin zombies (Ossuary)
  A jackal skeleton (D:6)
  3 kobold zombies (Ossuary)
  3 orc zombies (Ossuary)
  6 rats
111 creatures vanquished.

Vanquished Creatures (others)
  Ijyb (D:3)
  A quokka (D:6)
2 creatures vanquished.

Grand Total: 113 creatures vanquished

Notes
Turn   | Place    | Note
-------+----------+-------------------------------------------
     0 | D:1      | DearestLeader the Demonspawn Gladiator began the quest for
                  | the Orb.
     0 | D:1      | Reached XP level 1. HP: 16/16 MP: 1/1
     3 | D:1      | Noticed an eight-headed hydra
    12 | D:1      | Noticed an anaconda
   295 | D:1      | Gained mutation: You are partially covered in thin metallic
                  | scales. (AC +2) [demonic ancestry]
   295 | D:1      | Reached XP level 2. HP: 22/22 MP: 2/2
   932 | D:2      | Gained mutation: You sometimes gain a little power by
                  | taking damage. [demonic ancestry]
   932 | D:2      | Reached XP level 3. HP: 24/28 MP: 3/3
  1491 | D:2      | Reached skill level 1 in Armour
  1574 | D:2      | Gained mutation: When hurt, damage is shared between your
                  | health and your magic reserves. [demonic ancestry]
  1574 | D:2      | Reached XP level 4. HP: 32/35 MP: 4/4
  1816 | D:2      | Found a snail-covered altar of Cheibriados.
  1919 | D:3      | Found a glowing silver altar of Zin.
  1919 | D:3      | Noticed an angel
  1923 | D:3      | Found a shimmering altar of Xom.
  2279 | D:3      | Noticed Ijyb
  2307 | D:3      | Killed Ijyb
  2563 | D:3      | Gained mutation: You regenerate magic rapidly. [demonic
                  | ancestry]
  2563 | D:3      | Reached XP level 5. HP: 41/41 MP: 5/5
  2888 | D:3      | Found a bloodstained altar of Trog.
  3019 | D:3      | Found a stormy altar of Qazlal.
  3024 | D:3      | Became a worshipper of Qazlal Stormbringer
  3310 | D:4      | Found a sacrificial altar of Ru.
  3476 | D:4      | Noticed a slave
  3476 | D:4      | Noticed a slave
  3477 | D:4      | Noticed Pikel
  3477 | D:4      | Noticed a slave
  3478 | D:4      | Noticed a slave
  3485 | D:4      | Killed a slave
  3492 | D:4      | Killed a slave
  3499 | D:4      | Killed Pikel
  3499 | D:4      | Reached skill level 5 in Fighting
  3499 | D:4      | Gained mutation: You have a pair of small horns on your
                  | head. [demonic ancestry]
  3499 | D:4      | Reached XP level 6. HP: 38/52 MP: 4/6
  3499 | D:4      | Gained mutation: You have a pair of horns on your head.
                  | [demonic ancestry]
  3499 | D:4      | Reached XP level 7. HP: 42/57 MP: 4/7
  3707 | D:4      | Found a shadowy altar of Dithmenos.
  3855 | D:4      | Reached skill level 1 in Maces & Flails
  3871 | D:4      | Found Laruj's Book Shop.
  4026 | D:4      | Identified the Catalogue of Transformation and Protection
  4052 | D:5      | Entered Level 5 of the Dungeon
  4109 | D:5      | Noticed a two-headed ogre
  4110 | D:5      | Found a transporter.
  4119 | D:5      | Found a sand-covered staircase.
  4127 | Ossuary  | Entered an ossuary
  4187 | Ossuary  | Reached * piety under Qazlal
  4689 | D:5      | Reached XP level 8. HP: 26/64 MP: 4/8
  4697 | D:5      | Found Isibi's Assorted Antiques.
  4709 | D:5      | Noticed DildoBatman's ghost (amateur FoWz)
  4713 | D:5      | Bought a scroll of teleportation for 90 gold pieces
  4715 | D:5      | Found a transporter.
  5029 | D:5      | Found an opulent altar of Gozag.
  5033 | D:5      | Found an iron altar of Okawaru.
  5397 | D:6      | Noticed Maggie
  5411 | D:6      | Killed Maggie
  5411 | D:6      | Reached skill level 5 in Dodging
  5450 | D:6      | Found a white marble altar of Elyvilon.
  5458 | D:6      | Found a staircase to the Ecumenical Temple.
  6032 | D:6      | Noticed Duvessa
  6034 | D:6      | Noticed Dowan
  6050 | D:6      | Killed Duvessa
  6068 | D:6      | Killed Dowan
  6507 | D:6      | Reached skill level 5 in Maces & Flails
  6925 | D:7      | Reached skill level 5 in Armour
  6925 | D:7      | Gained mutation: You have a pair of large horns on your
                  | head. [demonic ancestry]
  6925 | D:7      | Reached XP level 9. HP: 50/69 MP: 7/9
  7627 | D:5      | Mangled by a two-headed ogre

Illustrated notes

Levels and vault maps discovered:
D:1:      sevenhm_arrival_forest_fort_small_2, layout_loops_ring,
          minmay_misc_feat_secret_circle
D:2:      layout_basic, marbit_many_paths
D:3:      layout_basic, grunt_temple_overflow_order_and_chaos_1,
          overflow_temple_1_default, first_ration, nrook_mini_backslash,
          grunt_qazlal_clouds, uniq_ijyb
D:4:      layout_basic, kennysheep_mini, nicolae_ru_sacrificial_ziggurat,
          serial_shops, shop, uniq_pikel
D:5:      layout_cave_pools, nicolae_overflow_hidden_temple,
          kennysheep_mini_moat, serial_shops, shop, gammafunk_ghost_arena,
          enter_ossuary_3
D:6:      layout_basic, elyvilon_altar_4, minmay_temple_entry_trees,
          uniq_maggie, uniq_duvessa
D:7:      layout_cave_pools, the_bakery

Skill      XL: |  1  2  3  4  5  6  7  8  9 |
---------------+----------------------------+-----
Polearms       | 3 |  3.2
Dodging        | 3 4 5 6 |  6.0
Armour         | 1 3 5 |  5.2
Fighting       | 3 5 6 |  6.0
Maces & Flails | 2 5 |  5.8
Throwing       | |  1.7

Action                   |  1- 3 |  4- 6 |  7- 9 || total
-------------------------+-------+-------+-------++-------
Melee: Trident           |   138 |   142 |       ||   280
       Whip              |       |       |   306 ||   306
       Headbutt          |       |       |    75 ||    75
Throw: Throwing net      |       |       |     1 ||     1
Evoke: Wand              |       |     1 |       ||     1
  Use: Potion            |       |     2 |     1 ||     3
       Scroll            |       |       |    13 ||    13
 Stab: Distracted        |     1 |       |       ||     1
       Confused          |       |     2 |       ||     2
       Held in net/web   |       |       |     2 ||     2
  Eat: Chunk             |     2 |     6 |     8 ||    16
       Ration            |       |       |     2 ||     2
Armor: Leather armour    |     9 |       |       ||     9
       Scale mail        |    40 |    57 |    55 ||   152
       Swamp dragon scal |       |       |    42 ||    42
Dodge: Dodged            |    67 |    67 |   189 ||   323
Block: Other             |       |       |     7 ||     7
